 Seeded DCSS version 0.31-a0-164-g2312942fda (webtiles) character file.

Game seed: 15193961402842118363 (custom seed)

971 SigmundSlayer the Shooter (level 7, -1/61 HPs)
             Began as a Demigod Hunter on June 13, 2023.
             Slain by a yak (5 damage)
             ... on level 5 of the Dungeon.
             The game lasted 00:04:09 (4288 turns).

SigmundSlayer the Shooter (Demigod Hunter)          Turns: 4288, Time: 00:04:10

Health: -1/61      AC:  3    Str: 12    XL:     7   Next: 62%
Magic:  9/9        EV: 16    Int: 11    God:
Gold:   228        SH:  5    Dex: 31    Spells: 6/6 levels left

rFire   . . .        a - -2 triple crossbow (chaos)
rCold   . . .        (shield currently unavailable)
rNeg    . . .        c - +0 leather armour
rPois   .            (no helmet)
rElec   .            (no cloak)
rCorr   .            (no gloves)
SInv    .            (no boots)
Will    +....        t - amulet of reflection
Stlth   +++          p - +6 ring of dexterity
HPRegen 0.30/turn    e - ring of willpower
MPRegen 0.11/turn

%: reflection
@: no status effects
A: high MP 1, forlorn, divine attributes
a: no special abilities


You were on level 5 of the Dungeon.
You visited 1 branch of the dungeon, and saw 6 of its levels.

You collected 229 gold pieces.
You spent 1 gold pieces at shops.

Inventory:

Hand Weapons
 a - a -2 triple crossbow of chaos (weapon)
Missiles
 g - a throwing net
Armour
 c - a +0 leather armour (worn)
Jewellery
 e - a ring of willpower (right hand)
 p - a +6 ring of dexterity (left hand)
 t - an amulet of reflection (around neck)
Scrolls
 b - a scroll of butterflies
 i - 2 scrolls of vulnerability
 k - 2 scrolls of teleportation
 s - 2 scrolls of revelation
Potions
 f - a potion of enlightenment
 h - a potion of haste
 j - a potion of invisibility
 m - a potion of might
 o - a potion of ambrosia
 q - a potion of mutation {unknown}
 r - a potion of resistance {unknown}
 u - 3 potions of curing


   Skills:
 + Level 5.1 Fighting
 + Level 6.0 Ranged Weapons
 + Level 5.0 Dodging
 - Level 1.2 Stealth


You had 6 spell levels left.
You didn't know any spells.
Your spell library contained the following spells:

 Spells                   Type           Power      Damage    Failure   Level
 Inner Flame              Hex/Fire       0%         N/A       80%         3
 Yara's Violent Unravell  Hex/Tmut       0%         3d3       100%        5
 Enfeeble                 Hex            0%         N/A       100%        7


Dungeon Overview and Level Annotations

Branches:
Dungeon (6/15)             Temple (0/1) D:4

Shops:
D:4 *


Innate Abilities, Weirdness & Mutations

You have an increased reservoir of magic. (+10% MP)
You shall have no god before yourself.
Your divine heritage dramatically boosts your attributes as you level up.


Message History

r - Retreat! s - Stop attacking. g - Guard the area. f - Follow me.
Anything else - Cancel.
Okay, then.
Unknown command.
As you read the scroll of identify, it crumbles to dust.
o - a potion of ambrosia
Okay, then.
(D) Dungeon (T) Temple
Where to? (Enter - D:5, ? - help)
There is a stone staircase leading down here.
You climb downwards.
There is a stone staircase leading up here.
There are monsters nearby!
Okay, then.
The yak bellows! x4
You climb upwards.
There is a stone staircase leading down here.
You start waiting.
You feel your willpower return.
You climb downwards.
The yak gores you! x3
There is a stone staircase leading up, spattered with blood here.
The yak gores you!
* * * LOW HITPOINT WARNING * * *
The yak gores you!
* * * LOW HITPOINT WARNING * * *
The yak misses you.
You climb upwards.
There is a stone staircase leading down here.
As you read the scroll of fear, it crumbles to dust.
You assume a fearsome visage.
The yak looks frightened! x3
Fire: a) -2 triple crossbow (chaos)
Press: ? - help, Q - select action, (/) - cycle Shift-Dir - straight line, f - yak
Aim: a yak (fleeing, 76% to hit)
You shoot a bolt.
The bolt hits the yak but does no damage.
The yak is poisoned.
Your attack snaps the yak out of its fear.
The yak gores you.
You die...

.........######.#
.........#<...#.#
#####'#.....#.#.#
#.#.###.#...#
#.#.....#####
#....##.#
####.####
########....######
............?..Y@#
.......####.###..#
.......##...# #..#
.......##.#####YY#
#########........#
.##### ##.....#.#
.....# ##.###.#.#
.....####..# #.#.#
.....'....## #.#.#


You could see 3 yaks.

Vanquished Creatures
  Sigmund (D:2)
  A black bear (D:4)
  A centaur (D:5)
  A kobold brigand (D:3)
  A phantom (D:5)
  3 wights (D:4)
  A jelly (D:5)
  A hound (D:5)
  2 sleepcaps
  Jessica (D:2)
  2 iguanas
  6 adders
  A shadow imp (D:5)
  An ufetubus (D:5)
  2 worms
  2 dart slugs (D:1)
  9 orcs
  6 ball pythons
  3 bats (D:1)
  2 endoplasms
  7 giant cockroaches
  10 goblins
  3 hobgoblins
  7 jackals (D:1)
  4 quokkas
  3 frilled lizards (D:1)
  3 kobolds
  7 rats
91 creatures vanquished.

Notes
Turn   | Place    | Note
-------+----------+-------------------------------------------
     0 | D:1      | SigmundSlayer the Demigod Hunter began the quest for the
                  | Orb.
     0 | D:1      | Reached XP level 1. HP: 17/17 MP: 3/3
    83 | D:1      | Reached skill level 1 in Stealth
   154 | D:1      | Reached XP level 2. HP: 24/24 MP: 4/4
   841 | D:1      | Reached XP level 3. HP: 30/30 MP: 5/5
  1146 | D:2      | Reached skill level 4 in Ranged Weapons
  1215 | D:2      | Noticed Sigmund
  1230 | D:2      | Killed Sigmund
  1231 | D:2      | Reached XP level 4. HP: 19/38 MP: 6/6
  1231 | D:2      | Reached XP level 5. HP: 22/45 MP: 7/7
  1411 | D:2      | Noticed Jessica
  1417 | D:2      | Killed Jessica
  1446 | D:2      | Identified the +8 chain mail "Racsexev" {SInv}
  2885 | D:3      | Reached XP level 6. HP: 20/52 MP: 8/8
  3013 | D:4      | Reached skill level 5 in Ranged Weapons
  3135 | D:4      | Found a staircase to the Ecumenical Temple.
  3245 | D:4      | Found Ogerhoh's Lightly-Used Armoury.
  3254 | D:4      | Bought a -3 triple crossbow for 1 gold piece
  3558 | D:4      | Reached XP level 7. HP: 60/60 MP: 9/9
  3639 | D:5      | Entered Level 5 of the Dungeon
  3978 | D:5      | Reached skill level 5 in Fighting
  3978 | D:5      | Reached skill level 6 in Ranged Weapons
  3978 | D:5      | Reached skill level 5 in Dodging
  4267 | D:6      | Noticed a yak
  4267 | D:6      | Noticed a yak
  4267 | D:6      | Noticed a yak
  4267 | D:6      | Noticed a yak
  4267 | D:6      | Noticed a yak
  4267 | D:6      | Noticed a yak
  4285 | D:6      | HP: 3/61 [yak (14)]
  4288 | D:5      | Slain by a yak

Illustrated notes

Levels and vault maps discovered:
D:1:      evilmike_arrival_rings, layout_loops_ring,
          dreamdust_ecumenical_altar_hidden_monk_grotto, minmay_cut_off
D:2:      layout_basic, basic_altar, uniq_sigmund, uniq_jessica
D:3:      layout_loops_corners, mainiacjoe_overflow_alcove_2,
          mainiacjoe_overflow_small_starburst
D:4:      layout_gridville, general_overflow_altar,
          nicolae_dithmenos_shadow_blocks, minmay_temple_entry_glass,
          minmay_shop_damaged
D:5:      layout_basic
D:6:      layout_rooms, mainiacjoe_overflow_six_doors_small,
          nicolae_overflow_quartered_altars

Skill      XL: |  1  2  3  4  5  6  7 |
---------------+----------------------+-----
Stealth        | 1 |  1.2
Dodging        | 2 3 4 5 |  5.0
Fighting       | 2 3 4 5 |  5.1
Ranged Weapons | 4 5 6 |  6.0

Action                     |  1- 3 |  4- 6 |  7- 9 || total
---------------------------+-------+-------+-------++-------
   Fire: Shortbow          |    98 |   106 |       ||   204
         Triple crossbow   |       |    16 |    28 ||    44
    Use: Scroll            |       |     4 |    14 ||    18
         Potion            |       |     1 |       ||     1
 Armour: Leather armour    |    12 |     3 |       ||    15
  Dodge: Dodged            |    33 |    27 |     4 ||    64
  Block: Other             |       |     4 |     1 ||     5

Table legend: (Time is in decaauts)
 A = Elapsed time spent in this place.
 B = Non-inter-level travel time spent in this place.
 C = Inter-level travel time spent in this place.
 D = Time resting spent in this place.
 E = Time spent auto-exploring this place.
 F = Levels seen in this place.
 G = Mean time per level.
                   A        B        C        D        E       F      G
               +--------+--------+--------+--------+--------+-----+--------+
         Total |   4380 |   4192 |    188 |    313 |   3321 |   6 |  730.0 |
       Dungeon |   4380 |   4192 |    188 |    313 |   3321 |   6 |  730.0 |
               +--------+--------+--------+--------+--------+-----+--------+

Top non-repeatable levels by time:
     D:1: 1026 daAuts
     D:3: 986 daAuts
     D:2: 962 daAuts
     D:4: 726 daAuts
     D:5: 674 daAuts
     D:6: 4 daAuts
